 Dungeon Crawl Stone Soup version 0.31-a0-986-g5e6e4ef867 (webtiles) character file.

Game seed: 26540140462424238

72 AppTheSpectato the Grasshopper (level 4, -5/32 HPs)
             Began as a Gnoll Wanderer on Nov 3, 2023.
             Slain by a scorpion (7 damage)
             ... on level 2 of the Dungeon.
             The game lasted 00:08:55 (2093 turns).

AppTheSpectato the Grasshopper (Gnoll Wanderer)     Turns: 2093, Time: 00:08:55

Health: -5/32      AC:  4    Str: 11    XL:     4   Next: 26%
Magic:  4/8        EV: 12    Int: 13    God:
Gold:   70         SH:  0    Dex: 12    Spells: 6/9 levels left

rFire   . .          .
                       - Unarmed
rCold   . . .        (no shield)
rNeg    + . .        c - +1 robe
rPois   .            (no helmet)
rElec   .            (no cloak)
rCorr   .            (no gloves)
SInv    .            r - +0 pair of boots of the Shining Light {rN+}
Will    .....        (no amulet)
Stlth   ++           h - ring of wizardry
HPRegen 0.25/turn    o - ring of flight
MPRegen 0.11/turn

%: wizardry (x1)
@: mighty, about to teleport, flying
A: fangs 1, strong nose, distributed training
a: no special abilities


You were on level 2 of the Dungeon.
You visited 1 branch of the dungeon, and saw 3 of its levels.

You collected 70 gold pieces.

Inventory:

Hand Weapons
 q - a +2 short sword of freezing
Missiles
 j - 4 atropa-tipped darts
Armour
 c - a +1 robe (worn)
 d - a +0 pair of boots
 l - an orb of guile
 r - the +0 pair of boots of the Shining Light (worn) {rN+}
   (You found it on level 2 of the Dungeon)

   rN+:       It protects you from negative energy.
Jewellery
 h - a ring of wizardry (left hand)
 m - a ring of protection from cold
 o - a ring of flight (right hand)
Talismans
 p - a granite talisman
Potions
 b - 2 potions of attraction
 e - a potion of brilliance
 k - 2 potions of enlightenment


   Skills:
 + Level 1.1 Fighting
 + Level 1.1 Short Blades
 + Level 1.1 Long Blades
 + Level 1.1 Axes
 + Level 1.1 Maces & Flails
 + Level 1.1 Polearms
 + Level 1.1 Staves
 + Level 1.1 Ranged Weapons
 + Level 1.1 Throwing
 + Level 2.7 Armour
 + Level 2.7 Dodging
 + Level 2.5 Stealth
 + Level 1.1 Shields
 + Level 1.1 Unarmed Combat
 + Level 3.0 Spellcasting
 + Level 0.8 Conjurations
 + Level 0.8 Hexes
 + Level 0.8 Summonings
 + Level 0.8 Necromancy
 + Level 7.1 Translocations
 + Level 0.8 Transmutations
 + Level 0.8 Fire Magic
 + Level 0.8 Ice Magic
 + Level 0.8 Air Magic
 + Level 3.8 Earth Magic
 + Level 0.8 Poison Magic
 + Level 1.2 Invocations
 + Level 1.1 Evocations
 + Level 1.0 Shapeshifting


You had 6 spell levels left.
You knew the following spells:

 Your Spells              Type           Power      Damage    Failure   Level
a - Sandblast             Erth           22%        2d7       1%          1
b - Blink                 Tloc           40%        N/A       1%          2

Your spell library contained the following spells:

 Spells                   Type           Power      Damage    Failure   Level
 Apportation              Tloc           40%        N/A       1%          1
 Lesser Beckoning         Tloc           40%        N/A       1%          2
 Teleport Other           Tloc           20%        N/A       1%          3
 Momentum Strike          Conj/Tloc      24%        3d8       2%          2
 Manifold Assault         Tloc           20%        N/A       4%          4
 Stone Arrow              Conj/Erth      16%        3d8       11%         3


Dungeon Overview and Level Annotations

Branches:
Dungeon (3/15)

Altars:

Shops:
D:2 (


Innate Abilities, Weirdness & Mutations

You have very sharp teeth.
Your uncanny sense of smell can sniff out nearby items.
Your experience applies equally to all skills.


Message History

* * * LOW HITPOINT WARNING * * *
You are lethally poisoned!
The scorpion poisons you!
Aiming: Sandblast (safe; 1% risk of failure)
Press: ? - help, Q - select action, (/) - cycle Shift-Dir - straight line, f/p - scorpion
Aim: a scorpion (heavily wounded, 82% to hit)
The blast of sand hits the scorpion but does no damage.
The scorpion is heavily wounded.
* * * LOW HITPOINT WARNING * * *
You feel very sick. The scorpion closely misses you.
The scorpion barely misses you.
Okay, then.
Okay, then.
As you read the scroll labelled DOYPPI TUPHAS, it crumbles to dust.
It is a scroll of enchant armour.
Your +0 robe glows green for a moment.
* * * LOW HITPOINT WARNING * * *
You feel sick. The scorpion closely misses you.
As you read the scroll labelled BAUN BAT JIE, it crumbles to dust.
You assume a fearsome visage.
The scorpion looks frightened!
It was a scroll of fear.
* * * LOW HITPOINT WARNING * * *
You feel sick.
* * * LOW HITPOINT WARNING * * *
You feel sick.
Okay, then.
Welcome back, AppTheSpectato the Gnoll Wanderer.
Press ? for a list of commands and other information.
* * * LOW HITPOINT WARNING * * *
You feel sick.
Cornered, the scorpion turns to fight!
It was a potion of might.
You feel very mighty all of a sudden.
* * * LOW HITPOINT WARNING * * *
You feel sick.
You are no longer poisoned.
The scorpion attacks as it pursues you! The scorpion barely misses you.
As you read the scroll labelled LIOL XASYVO, it crumbles to dust.
You feel strangely unstable.
It was a scroll of teleportation.
The scorpion stings you!
You die...

####.##.[..#....# ####...####.
##..........#.>..# #....#......
...##.##....#....# #.###>..####
#####.##....#....# ##.....#..##.
#.......#....####..######..#.
###.....####..##...# ##.#.
#.....# #..#....# ##...
###.######s...#.#######....
######.###..(@.............##.
####........)..#....#######..###.
.....#########......## #...## #.
###### ###...#..# #.### #.
##.....##.####.## ##
#..##...........#
#######.#.......#####.##
###.........#.###..# #.<##
####...##.....#..# ##.## ##..#


You could see a scorpion.

Vanquished Creatures
  3 adders (D:2)
  5 ball pythons
  6 endoplasms
  A giant cockroach (D:1)
  4 goblins
  9 jackals
  5 kobolds
  3 bats (D:2)
  2 frilled lizards (D:1)
  3 rats
41 creatures vanquished.

Notes
Turn   | Place    | Note
-------+----------+-------------------------------------------
     0 | D:1      | AppTheSpectato the Gnoll Wanderer began the quest for the
                  | Orb.
     0 | D:1      | AppTheSpectato set off with the following items: a +0
                  | dagger, a potion of attraction, a +0 robe, a +0 pair of
                  | boots; and the following spells available to memorise:
                  | Apportation, Teleport Other, Sandblast, Manifold Assault,
                  | Stone Arrow.
     0 | D:1      | Reached XP level 1. HP: 13/13 MP: 4/4
     2 | D:1      | Learned a level 1 spell: Sandblast
   207 | D:1      | Reached XP level 2. HP: 17/19 MP: 0/5
   880 | D:1      | Reached XP level 3. HP: 24/25 MP: 1/7
  1261 | D:2      | Reached skill level 1 in Invocations
  1339 | D:2      | Reached skill level 1 in Fighting
  1339 | D:2      | Reached skill level 1 in Short Blades
  1339 | D:2      | Reached skill level 1 in Long Blades
  1339 | D:2      | Reached skill level 1 in Axes
  1339 | D:2      | Reached skill level 1 in Maces & Flails
  1339 | D:2      | Reached skill level 1 in Polearms
  1339 | D:2      | Reached skill level 1 in Staves
  1339 | D:2      | Reached skill level 1 in Ranged Weapons
  1339 | D:2      | Reached skill level 1 in Throwing
  1339 | D:2      | Reached skill level 1 in Shields
  1339 | D:2      | Reached skill level 1 in Unarmed Combat
  1339 | D:2      | Reached skill level 1 in Evocations
  1375 | D:2      | Learned a level 2 spell: Blink
  1649 | D:2      | Identified the +0 pair of boots of the Shining Light {rN+}
  1699 | D:2      | Reached XP level 4. HP: 31/32 MP: 8/8
  1736 | D:2      | Reached skill level 1 in Shapeshifting
  1808 | D:2      | Found Xaetixa's Weapon Shop.
  1983 | D:3      | Noticed a scorpion
  2086 | D:2      | HP: 1/32 [poisoned by a scorpion]
  2093 | D:2      | Slain by a scorpion

Illustrated notes

Levels and vault maps discovered:
D:1:      dreamdust_arrival_sigmund_warning, layout_loops_ring,
          minmay_misc_feat_alley, corexii_hall_statues_x
D:2:      layout_rooms, serial_shops, shop
D:3:      layout_rooms, mainiacjoe_overflow_alcove_2,
          worldfamousw_hep_ancestral_shrine, gammafunk_temple_overflow_forgotten

Skill      XL: |  1  2  3  4 |
---------------+-------------+-----
Invocations    | 1 |  1.2
Fighting       | 1 |  1.1
Short Blades   | 1 |  1.1
Long Blades    | 1 |  1.1
Axes           | 1 |  1.1
Maces & Flails | 1 |  1.1
Polearms       | 1 |  1.1
Staves         | 1 |  1.1
Ranged Weapons | 1 |  1.1
Throwing       | 1 |  1.1
Shields        | 1 |  1.1
Unarmed Combat | 1 |  1.1
Evocations     | 1 |  1.1
Shapeshifting  | 1 |  1.0
Spellcasting   | 3 |  3.0
Armour         | |  2.7
Dodging        | |  2.7
Stealth        | |  2.5
Conjurations   | |  0.8
Hexes          | |  0.8
Summonings     | |  0.8
Necromancy     | |  0.8
Translocations | |  7.1
Transmutations | |  0.8
Fire Magic     | |  0.8
Ice Magic      | |  0.8
Air Magic      | |  0.8
Earth Magic    | |  3.8
Poison Magic   | |  0.8

Action                     |  1- 3 |  4- 6 || total
---------------------------+-------+-------++-------
  Melee: Dagger            |    32 |       ||    32
         Bite              |     2 |     1 ||     3
         Short sword       |     6 |     2 ||     8
         Unarmed           |       |     9 ||     9
         Staff             |       |     2 ||     2
   Cast: Sandblast         |    41 |    16 ||    57
         Blink             |       |     1 ||     1
    Use: Scroll            |       |     6 ||     6
         Potion            |       |     2 ||     2
   Stab: Sleeping          |     1 |       ||     1
 Armour: Robe              |    29 |    19 ||    48
  Dodge: Dodged            |    29 |    20 ||    49
         Form:             |     1 |       ||     1
         Statue            |     1 |       ||     1

Table legend: (Time is in decaauts)
 A = Elapsed time spent in this place.
 B = Non-inter-level travel time spent in this place.
 C = Inter-level travel time spent in this place.
 D = Time resting spent in this place.
 E = Time spent auto-exploring this place.
 F = Levels seen in this place.
 G = Mean time per level.
                   A        B        C        D        E       F      G
               +--------+--------+--------+--------+--------+-----+--------+
         Total |   2121 |   1880 |    241 |    148 |   1382 |   3 |  707.0 |
       Dungeon |   2121 |   1880 |    241 |    148 |   1382 |   3 |  707.0 |
               +--------+--------+--------+--------+--------+-----+--------+

Top non-repeatable levels by time:
     D:1: 1174 daAuts
     D:2: 908 daAuts
     D:3: 37 daAuts
